Cogmind - Beta 9 @@@ ROGUE MODE // 2019.10.24 @ 02:08:41 Player: Klokwurk Result: Destroyed by G-47 Trooper with Particle Gun Performance ------------- Evolutions (2) 1000 Regions Visited (4) 800 Robots Destroyed (20) 100 Value Destroyed (360) 360 Prototype IDs (0) 0 Alien Tech Used (0) 0 Bonus (0) 0 TOTAL SCORE: 2260 Bonus ------- None Cogmind --------- Core Integrity 0/550 Matter 166/300 Energy 100/100 System Corruption 0% Temperature Cool (18) Location -8/Materials Parts ------- Power (3) Propulsion (3) Utility (3) Large Storage Unit Signal Interpreter Hacking Suite Weapon (2) Inventory (10) Salvage Targeting Computer Hacking Suite Peak State ------------ Power (None) Propulsion Aluminum Leg Utility Large Storage Unit Signal Interpreter Hacking Suite Weapon EM Pulse Cannon Mining Claw Inventory Salvage Targeting Computer Hacking Suite [Rating: 10] Favorites ----------- Power Ion Engine Engine Ion Engine Propulsion Light Treads Treads Light Treads Leg Aluminum Leg Wheel Compact Wheel Utility Signal Interpreter Device Sensor Array Storage Large Storage Unit Processor Signal Interpreter Hackware Hacking Suite Weapon Grenade Launcher Energy Gun EM Pulse Gun Energy Cannon EM Pulse Cannon Ballistic Gun Assault Rifle Launcher Grenade Launcher Slashing Weapon Mining Claw Build | -11 -10 -10 -9 -8 ------- Run | Scr Mat Min Mat Mat Slots Evolved 4 | . . . 2 2 Power 2 | . . . 1 1 Propulsion 1 | . . . . 1 Utility 1 | . . . 1 . Weapon . | . . . . . Parts Attached 21 | 5 6 1 3 6 Power 4 | 1 1 1 1 . Engine 4 | 1 1 1 1 . Core . | . . . . . Reactor . | . . . . . Propulsion 4 | 2 . . . 2 Treads 2 | 2 . . . . Leg 1 | . . . . 1 Wheel 1 | . . . . 1 Hover . | . . . . . Flight . | . . . . . Utility 5 | . 3 . 1 1 Device 1 | . 1 . . . Storage 2 | . 1 . 1 . Processor 1 | . 1 . . . Hackware 1 | . . . . 1 Protection . | . . . . . Artifact . | . . . . . Weapon 8 | 2 2 . 1 3 Energy Gun 1 | . 1 . . . Energy Cannon 1 | . . . . 1 Ballistic Gun 4 | 2 . . 1 1 Ballistic Cannon . | . . . . . Launcher 1 | . 1 . . . Special Weapon . | . . . . . Impact Weapon . | . . . . . Slashing Weapon 1 | . . . . 1 Piercing Weapon . | . . . . . Special Melee Weapon . | . . . . . Unidentified Prototypes . | . . . . . Parts Lost 14 | . 1 1 1 11 Power 3 | . 1 . . 2 Propulsion 4 | . . . . 4 Utility 1 | . . . . 1 Weapon 6 | . . 1 1 4 Highest Loss Streak 6 | . 1 1 1 6 Average Slot Usage (%) 81 | . 98 88 89 53 Engine 13 | . 14 14 22 5 Treads 21 | . 28 28 22 6 Device 9 | . 12 14 11 1 Storage 5 | . 10 . 2 9 Processor 9 | . 3 14 11 9 Hackware 1 | . . . . 4 Energy Gun 2 | . 8 3 . . Ballistic Gun 8 | . 15 . 11 9 Launcher 7 | . 3 14 10 . Slashing Weapon 1 | . . . . 3 Naked Turns . | . . . . . Heaviest Build 32 | 6 12 9 32 30 Greatest Support 40 | 40 40 40 40 40 Greatest Overweight (x) 7 | . . . . 7 Average Overweight (x) . | . . . . . Largest Inventory Capacity 10 | 4 6 4 10 10 Average Capacity 5 | 4 5 4 4 10 Most Carried 6 | 4 6 4 3 3 Average Carried 2 | 3 3 4 2 1 Final Capacity 10 | . . . . 10 Final Carried 2 | . . . . 2 Class Distribution -------------------- 100% | Mutant Dominant Class ---------------- Mutant | -10/Materials Mutant | -10/Mines Mutant | -9/Materials Mutant | -8/Materials Resources | -11 -10 -10 -9 -8 ----------- Run | Scr Mat Min Mat Mat Matter Collected 438 | 201 91 23 17 106 Remotely . | . . . . . Salvage Created 366 | . 91 43 30 202 Parts 38 | . 5 7 4 22 Haulers Intercepted . | . . . . . Recyclers Shooed 1 | . 1 . . . Parts Field Recycled . | . . . . . Retrieved Matter . | . . . . . Parts Self-Destructed . | . . . . . Prevented . | . . . . . Kills | -11 -10 -10 -9 -8 ------- Run | Scr Mat Min Mat Mat Combat Hostiles Destroyed 15 | . 2 4 1 8 Guns 9 | . 1 . . 8 AOE 6 | . 1 4 1 . Classes Destroyed 5 | . 2 1 1 1 Worker 1 | . . . . 1 Watcher 4 | . 1 . 1 2 Swarmer 11 | . . 3 . 8 Grunt 3 | . 2 1 . . Sentry 1 | . . . 1 . Best Kill Streak 10 | . 2 3 2 10 Combat Bots Only 8 | . 2 3 1 8 Max Kills in Single Turn 2 | . 1 2 1 2 Gunslinging 1 | . . . . 1 Exploded 2 | . 1 2 1 . Melee . | . . . . . Uniques/NPCs Destroyed . | . . . . . Combat | -11 -10 -10 -9 -8 -------- Run | Scr Mat Min Mat Mat Damage Taken 1821 | . 139 116 227 1339 Core 627 | . . 30 45 552 Absorbed by Shields . | . . . . . Core Remaining (%) 92 | 100 . 88 88 . Volleys Fired 61 | . 12 10 7 32 Largest 2 | . 2 2 2 2 Hottest 70 | . 70 70 50 63 Shots Fired 95 | . 24 13 14 44 Gun 80 | . 23 7 7 43 Cannon 1 | . . . . 1 Launcher 14 | . 1 6 7 . Special . | . . . . . Kinetic 68 | . 18 . 7 43 Thermal . | . . . . . Explosive 14 | . 1 6 7 . Electromagnetic 13 | . 5 7 . 1 Robot Hit Streak 14 | . 5 8 10 14 Robot Miss Streak 4 | . 1 1 1 4 Penetration Max . | . . . . . Secondary Targets 3 | . . . . 3 Max Gunslinging Chain 1 | . . . . 1 Shots Hit Robots 69 | . 16 11 12 30 Core Hits 38 | . 6 8 3 21 Critical Hits . | . . . . . Critical Kills . | . . . . . Critical Parts Destroyed . | . . . . . Melee Attacks 2 | . . . . 2 Impact . | . . . . . Slashing 2 | . . . . 2 Piercing . | . . . . . Sneak Attacks 2 | . . . . 2 Combat Hostiles . | . . . . . Follow-up Attacks . | . . . . . Damage Inflicted 1216 | . 238 362 160 456 Guns 553 | . 171 52 62 268 Cannons 23 | . . . . 23 Explosions 473 | . 67 308 98 . Melee 141 | . . . . 141 Ramming 26 | . . 2 . 24 Kinetic 454 | . 124 . 62 268 Thermal 27 | . 27 . . . Explosive 446 | . 40 308 98 . Electromagnetic 122 | . 47 52 . 23 Impact . | . . . . . Slashing 141 | . . . . 141 Piercing . | . . . . . Highest Corruption . | . . . . . Average Corruption . | . . . . . Corruption Purged . | . . . . . Overload Shots . | . . . . . Overflow Damage 71 | . . 10 . 61 Projectiles . | . . . . . Explosions 10 | . . 10 . . Melee 61 | . . . . 61 Knockbacks . | . . . . . Impact . | . . . . . Kinetic . | . . . . . Secondary . | . . . . . Self-Inflicted Damage 49 | . 39 . . 10 Shots 1 | . 1 . . . Rammed 10 | . 1 2 . 7 Targets Rammed 10 | . 1 2 . 7 Kicked . | . . . . . Crushed . | . . . . . Highest Temperature 27 | . 9 27 16 9 Average Temperature 9 | . 6 11 9 9 Received Heat Transfer 384 | . 54 42 72 216 Siege Activations . | . . . . . Robots Corrupted . | . . . . . Combat Hostiles . | . . . . . Parts Fried . | . . . . . Impact Corruptions . | . . . . . Robots Melted . | . . . . . Combat Hostiles . | . . . . . Parts Melted . | . . . . . Heat Transferred . | . . . . . Parts Sabotaged . | . . . . . Parts Stolen . | . . . . . Parts Stripped . | . . . . . Power Chain Reactions 1 | . 1 . . . Missiles Intercepted . | . . . . . Alert | -11 -10 -10 -9 -8 ------- Run | Scr Mat Min Mat Mat Peak Influence 223 | . 62 119 128 223 Average Influence 90 | . 38 108 81 156 Maximum Alert Level 1 | . . . . 1 Low Security (%) 93 | . . . . . Level 1 6 | . . . . . Level 2 . | . . . . . Level 3 . | . . . . . Level 4 . | . . . . . Level 5 . | . . . . . High Security . | . . . . . Max Security . | . . . . . Squads Dispatched 2 | . 1 . . 1 Investigation . | . . . . . Extermination . | . . . . . Reinforcement 2 | . 1 . . 1 Assault . | . . . . . Garrison . | . . . . . Intercept . | . . . . . Construction Impeded 1 | . . . . 1 Haulers Reinforced . | . . . . . Stealth | -11 -10 -10 -9 -8 --------- Run | Scr Mat Min Mat Mat Distress Signals 3 | . 1 . . 2 Communications Jammed . | . . . . . Distress Signals . | . . . . . Times Spotted 33 | . 6 7 3 17 Peak Tracking Total 7 | . 3 3 1 7 Tactical Retreats 2 | . . 2 . . Traps | -11 -10 -10 -9 -8 ------- Run | Scr Mat Min Mat Mat Traps Triggered . | . . . . . Indirectly . | . . . . . Trap Hack Attempts . | . . . . . Triggered . | . . . . . Disarmed . | . . . . . Reprogrammed . | . . . . . Reused . | . . . . . Traps Extracted . | . . . . . Installed . | . . . . . Triggered . | . . . . . Machines | -11 -10 -10 -9 -8 ---------- Run | Scr Mat Min Mat Mat Machines Disabled 2 | . . 1 1 . Max in Single Turn 1 | . . 1 1 . Machines Sabotaged . | . . . . . Garrisons Compromised . | . . . . . Overloaded Fab Kills . | . . . . . Fab Network Shutdowns . | . . . . . Hacking | -11 -10 -10 -9 -8 --------- Run | Scr Mat Min Mat Mat Machines Accessed 3 | . 1 . 2 . Terminals 1 | . . . 1 . Fabricators . | . . . . . Repair Stations . | . . . . . Recycling Units 2 | . 1 . 1 . Scanalyzers . | . . . . . Garrison Access . | . . . . . Total Hacks 5 | . 2 . 3 . Successful 3 | . 2 . 1 . Failed 2 | . . . 2 . Catastrophic . | . . . . . Database Lockouts . | . . . . . Manual . | . . . . . Terminals 2 | . . . 2 . Fabricators . | . . . . . Repair Stations . | . . . . . Recycling Units 3 | . 2 . 1 . Scanalyzers . | . . . . . Garrison Access . | . . . . . Terminal Hacks . | . . . . . Fabricator Hacks . | . . . . . Repair Station Hacks . | . . . . . Recycling Unit Hacks 3 | . 2 . 1 . Report Inventory 2 | . 1 . 1 . Retrieve Matter 1 | . 1 . . . Scanalyzer . | . . . . . Garrison Access Hacks . | . . . . . Unauthorized Hacks . | . . . . . Terminals . | . . . . . Fabricators . | . . . . . Repair Stations . | . . . . . Recycling Units . | . . . . . Scanalyzers . | . . . . . Garrison Access . | . . . . . Data Cores Recovered . | . . . . . Used . | . . . . . Hacking Detections 1 | . . . 1 . Full Trace Events . | . . . . . Feedback Events . | . . . . . Feedback Blocked . | . . . . . Robot Schematics Acquired . | . . . . . Robots Built . | . . . . . Matter . | . . . . . Time . | . . . . . Total Robot Build Rating . | . . . . . Part Schematics Acquired . | . . . . . Parts Built . | . . . . . Matter . | . . . . . Time . | . . . . . Total Part Build Rating . | . . . . . Parts Repaired . | . . . . . Time . | . . . . . Parts Recycled . | . . . . . Recycled Matter . | . . . . . Retrieved Matter . | . . . . . Retrieved Components . | . . . . . Parts Scanalyzed . | . . . . . Part Schematics Acquired . | . . . . . Parts Damaged . | . . . . . Bothacking | -11 -10 -10 -9 -8 ------------ Run | Scr Mat Min Mat Mat Used RIF Installer . | . . . . . Robots Hacked . | . . . . . Non-combat . | . . . . . Combat . | . . . . . Robot Hacks Applied . | . . . . . Relay Couplers Released . | . . . . . Robots Rewired . | . . . . . Allies Hacked . | . . . . . Hacks Repelled . | . . . . . Allies | -11 -10 -10 -9 -8 -------- Run | Scr Mat Min Mat Mat Total Allies . | . . . . . Largest Group . | . . . . . Highest-Rated Group . | . . . . . Highest-Rated Ally . | . . . . . Total Orders . | . . . . . Ally Attacks . | . . . . . Total Damage . | . . . . . Kills . | . . . . . Allies Corrupted . | . . . . . Allies Melted . | . . . . . Intel | -11 -10 -10 -9 -8 ------- Run | Scr Mat Min Mat Mat Robot Analysis Total . | . . . . . Derelict Logs Recovered . | . . . . . Drone Launches . | . . . . . Drone Recoveries . | . . . . . Exploration | -11 -10 -10 -9 -8 ------------- Run | Scr Mat Min Mat Mat Turns Passed 895 | 86 177 229 187 216 Spaces Moved 424 | 48 78 126 102 70 Core 13 | 8 . . . 5 Treads 367 | 40 78 126 102 21 Legs 38 | . . . . 38 Wheels 6 | . . . . 6 Hover . | . . . . . Flight . | . . . . . Fastest Speed 50 | 50 160 160 160 100 Average Speed 158 | 141 160 160 160 161 Slowest Speed 400 | 160 160 160 160 400 Overloaded Moves . | . . . . . Propulsion Burnouts . | . . . . . Robots Hopped . | . . . . . Cave-ins Triggered . | . . . . . Exploration Rate (%) 17 | 5 25 34 15 10 Regions Visited 4 Branch Regions 1 Pre-discovered Areas . | . . . . . Known Exits Taken 3 | . 1 1 1 . Unknown Exits Taken 1 | 1 . . . . Scrap Searched . | . . . . . Spaces Dug . | . . . . . Terrain Destroyed 81 | . 11 46 24 . Melee . | . . . . . Projectile . | . . . . . AOE 81 | . 11 46 24 . Actions | -11 -10 -10 -9 -8 --------- Run | Scr Mat Min Mat Mat Total 548 | 66 108 139 112 123 Wait 6 | 4 2 . . . Move 420 | 47 77 125 101 70 Hop . | . . . . . Pick Up 22 | 8 7 . 1 6 Fast Attach 4 | 3 . 1 . . Attach 16 | 2 5 . 3 6 Detach 1 | . 1 . . . Swap 1 | . 1 . . . Drop 5 | 2 2 1 . . Fire 61 | . 12 10 7 32 Melee 2 | . . . . 2 Ram 7 | . . . . 7 Kick . | . . . . . Crush 3 | . 1 2 . . Escape Stasis . | . . . . . Rewire . | . . . . . Trap . | . . . . . Miscellaneous . | . . . . . Route ------- -11/Scrapyard -10/Materials -10/Mines -9/Materials -8/Materials History --------- Turn | Location | Event 10 | -11/Scrapyard | Discovered new exit (range 15) 87 | -11/Scrapyard | Entered Materials 246 | -10/Materials | Discovered new exit (range 10) 259 | -10/Materials | Identified exit to Mines 264 | -10/Materials | Entered Mines 276 | -10/Mines | Discovered new exit (range 14) 312 | -10/Mines | Identified exit to Materials 316 | -10/Mines | Build established: Mutant 493 | -10/Mines | Entered Materials 493 | -9/Materials | Evolved 2 slots: Power x1, Utility x1 672 | -9/Materials | Discovered new exit (range 6) 678 | -9/Materials | Identified exit to Materials 680 | -9/Materials | Entered another Materials area 680 | -8/Materials | Evolved 2 slots: Power x1, Propulsion x1 794 | -8/Materials | Destroyed 8 combat bots 803 | -8/Materials | Lost 6 parts (2p2n1u1w) 866 | -8/Materials | Core integrity fell below 50% 887 | -8/Materials | Core integrity fell below 20% 896 | -8/Materials | Destroyed by G-47 Trooper with Particle Gun Last Messages --------------- Slammed into Y-45 Defender. U-05 Engineer lays Concrete. Slammed into U-05 Engineer. Destabilizing: Short circuit. Signal Interpreter permanently disabled. ALERT: Construction progress impeded, dispatching reinforcements to local area. U-05 Engineer builds a Door. Y-45 Defender misfires. R-06 Scavenger collects Transport Network Coupler. Slammed into Y-45 Defender. C-30 ARC bursts open, deploying its payload. G-50 Soldier unfolds itself. G-47 Trooper unfolds itself. R-06 Scavenger collects Lgt. Ion Engine. Slug penetrates Wall. Slammed into Y-45 Defender. U-05 Engineer lays Concrete. Y-45 Defender destroyed. Map ----- +----------------------------------------------------+ | ?????????????????????????????????????????????????? | | ?????????????????????????????????????????????????? | | ?????????????????????????????????????????????????? | | ?????????????????????????????????????????????????? | | ?????????????????????????????????????????????????? | | ?????????????????????????????????????????????????? | | ?????????????????????????????????????????????????? | | ?????????????????????????????????????????????????? | | ?????????????????????????????????????????????????? | | ?????????????????????????????????????????????????? | | ?????????????????????????????????????????????????? | | ?????????????????????????????????????????????????? | | ??????????????????? ?????????????????????????????? | | ??????????????? ? ????????????????????????????? | | ?????????????? ????????????????????????????? | | ??????????????# ????????????????????????????? | | ??????????????# ????????????????????????????? | | ??????????????# ????????????????????????????? | | ??????????????# #######?????????????????????? | | ??????????????# # ########## ?????????? | | ??????????????# # ????????? | | ??????????????# # #????????? | | ??????????????# # u #????????? | | ??????????????# h# u ##########????????????? | | ??????????????# % % g ##?#####???????????????? | | ??????????????# % g @#? #???????????????? | | ##????????? ??# % g u!%# #???????????????? | | ????????? #% ![+ #???????????????? | | #?????????? # # ???????????????????? | | #??????????? +% %%! # ?????????????????? | | #????????????# % r #? #???????????????? | | #????????????# % #? #???????????????? | | ############## #?? #???????????????? | | #?? #???????????????? | | #??? #???????????????? | | """ #???? #???????????????? | | ######## "" // Y #?????##???????????????? | | ??# """ / ! ########### ???????????? | | # // ! ??????????? | | + ??????????? | | # ??????????? | | ??? + ############## ########## ???????????? | | ????#### #????????????? #?????????????????????? | | ???????##+##????????????? #?????????????????????? | | ???????? ??????????????? #?????????????????????? | | ??????? """????????????????#?????????????????????? | | ?????? """??????????????????????????????????????? | | ?????? """??????????????????????????????????????? | | ????? ?? ??????????????????????????????????????? | | ????##???????????????????????????????????????????? | +----------------------------------------------------+ Best States ------------- Heat Dissipation 31 Energy Generation 15 Energy Capacity 400 Matter Stores 258 Matter Capacity 300 Sight Range 16 Robot Scan Range 10 Terrain Scan Density 10 Evasion (%) 50 Recoil Reduction 2 Offensive Hacking 10 Item Schematics ----------------- None Robot Schematics ------------------ None Fabricated ------------ Nothing Alien Tech Used ----------------- None Achievements -------------- None Challenges ------------ None Game ------ Seed SignalTransmissionAutohacker Manual? 0 Play Time 00:13:12 Cumulative 14.1 hours Start 2019.10.24 @ 01:58:13 End 2019.10.24 @ 02:08:41 Sessions 1 Manual Loads 0 Difficulty Rogue Special Mode None Game No. 25 Rogue 25 Adventurer 0 Explorer 0 Win Type - Total 0 Types 0/0/0/0/0/0/0 Lore% 7 Gallery% 34 Achievement% 23 Wizard Run 0 Options --------- ASCII 0 Keyboard 0 Movement Numpad Keybinds 0 Fullscreen 2 Font 16/SmallcapsGlow Map View 50x54 Tactical HUD 0 Map Filters NONE Filters NONE Steam 1 RUN: 2b800d79-c14d-4a62-b82b-d2d11adad9ef